 Dungeon Crawl Stone Soup version 0.26-b1-32-g5d43845318 (webtiles) character file.

Game seed: 875455220982338492

317 dohliylev the Stinger (level 6, -2/28 HPs)
             Began as a Spriggan Venom Mage on Jan 12, 2021.
             Slain by a mummy (19 damage)
             ... in an ossuary.
             The game lasted 00:17:17 (5010 turns).

dohliylev the Stinger (Spriggan Venom Mage)         Turns: 5010, Time: 00:17:18

Health: -2/28      AC:  2    Str:  4    XL:     6   Next: 20%
Magic:  11/11      EV: 19    Int: 18    God:
Gold:   128        SH:  0    Dex: 17    Spells: 4/10 levels left

rFire    . . .     SeeInvis +   h - +0 dagger (venom)
rCold    . . .     Faith    .   (shield restricted)
rNeg     . . .     Spirit   .   a - +0 robe
rPois    .         Reflect  .   (helmet restricted)
rElec    .         Harm     .   (no cloak)
rCorr    .         Rampage  .   (gloves unavailable)
Will     +....                  (boots unavailable)
Stlth    ++........             (no amulet)
HPRegen  0.09/turn              (no ring)
MPRegen  0.12/turn              (no ring)

@: mighty, very quick
A: very small, unfitting armour, see invisible, speed 3
a: no special abilities


You were in an ossuary.
You visited 1 branch of the dungeon, and saw 4 of its levels.
You also visited: Ossuary.

You collected 128 gold pieces.

Inventory:

Hand Weapons
 h - a +0 dagger of venom (weapon)
Armour
 a - a +0 robe (worn)
Jewellery
 q - an uncursed ring of willpower
Scrolls
 f - 7 scrolls of teleportation {unknown}
 g - a scroll of immolation {unknown}
 i - 3 scrolls of magic mapping {unknown}
 j - 4 scrolls of remove curse {unknown}
 m - 6 scrolls of identify {unknown}
 o - a scroll of amnesia {unknown}
 p - a scroll of enchant weapon {unknown}
Potions
 b - a potion of haste
 d - a potion of mutation {unknown}
 e - 3 potions of curing
 k - 2 potions of magic {unknown}
 l - 3 potions of flight {unknown}
 n - a potion of brilliance {unknown}
 r - a potion of heal wounds {unknown}
 s - a potion of degeneration {unknown}
 t - 2 potions of cancellation {unknown}
 u - a potion of lignification {unknown}


   Skills:
 + Level 3.4 Dodging
 - Level 3.0 Stealth
 - Level 2.6 Spellcasting
 - Level 1.3 Transmutations
 - Level 0.3 Air Magic
 - Level 6.8 Poison Magic
 - Level 0.2 Evocations


You had 4 spell levels left.
You knew the following spells:

 Your Spells              Type           Power        Failure   Level
a - Sting                 Tmut/Pois      68%          3%          1
b - Poisonous Vapours     Pois/Air       30%          6%          2
c - Mephitic Cloud        Conj/Pois/Air  11%          19%         3

Your spell library contained the following spells:

 Spells                   Type           Power        Failure   Level
 Olgreb's Toxic Radiance  Pois           27%          10%         4
 Ignite Poison            Fire/Tmut/Pois 12%          16%         3


Dungeon Overview and Level Annotations

Branches:
Dungeon (4/15)            Ossuary (1/1)
 Temple: D:4-7

Altars:
Ashenzari
Gozag
Kikubaaqudgha
Nemelex Xobeh


Innate Abilities, Weirdness & Mutations

You are very small and have problems with some larger weapons.
You are too small for most types of armour.
You have supernaturally acute eyesight. (SInv)
You cover ground extremely quickly.


Message History

An orc skeleton comes into view.
There is an open door here.
The orc skeleton closely misses you.
You barely miss the orc skeleton. The orc skeleton barely misses you.
You puncture the orc skeleton!
You destroy the orc skeleton!
Really walk into that arrow trap?
You avoid triggering an arrow trap.
There is an arrow trap here.
Really walk into that arrow trap?
An arrow shoots out and misses you.
There is an arrow trap here.
You open the door.
A mummy comes into view.
There is an open door here.
You hit the mummy.
The mummy is moderately damaged.
The mummy hits you!!
Ouch! That really hurt!
You die...

####### ###
##.^^@M# ###
##'## ##..#####
#.###...###..##
^..'.....'..##
####'...#####
### #^##'## #.#
##^# #.## ##'##
#.#
+..#######...###
'##
##..'....'...'.#


You could see a mummy.

Vanquished Creatures
  A worker ant (D:3)
  A hound skeleton (D:2)
  11 mummies (Ossuary)
  5 adders
  An ooze (D:2)
  3 worms
  4 dart slugs
  A leopard gecko (D:1)
  An orc (D:3)
  A ball python (D:2)
  3 giant cockroaches
  9 goblins
  7 hobgoblins
  2 quokkas
  15 bats
  2 frilled lizards
  3 goblin skeletons (Ossuary)
  8 kobolds
  3 kobold skeletons (Ossuary)
  2 orc skeletons (Ossuary)
  7 rats
  7 rat skeletons (Ossuary)
97 creatures vanquished.

Vanquished Creatures (others)
  2 rat skeletons (Ossuary)
2 creatures vanquished.

Grand Total: 99 creatures vanquished

Notes
Turn   | Place    | Note
-------+----------+-------------------------------------------
     0 | D:1      | dohliylev the Spriggan Venom Mage began the quest for the
                  | Orb.
     0 | D:1      | Reached XP level 1. HP: 9/9 MP: 5/5
   212 | D:1      | Reached XP level 2. HP: 13/13 MP: 2/6
   215 | D:1      | Learned a level 2 spell: Poisonous Vapours
   916 | D:1      | Reached skill level 4 in Poison Magic
  1526 | D:2      | Found a broken altar of Ashenzari.
  1541 | D:2      | Reached XP level 3. HP: 16/16 MP: 4/8
  1546 | D:2      | Learned a level 3 spell: Mephitic Cloud
  1974 | D:2      | Found an ancient bone altar of Kikubaaqudgha.
  2008 | D:2      | Reached XP level 4. HP: 6/21 MP: 1/9
  2252 | D:2      | Reached skill level 5 in Poison Magic
  3153 | D:3      | Found an opulent altar of Gozag.
  3153 | D:3      | Found a sparkling altar of Nemelex Xobeh.
  3363 | D:3      | Reached XP level 5. HP: 24/24 MP: 10/10
  3680 | D:3      | Reached skill level 6 in Poison Magic
  4059 | D:4      | Found a sand-covered staircase.
  4061 | D:4      | Noticed a phantom
  4081 | Ossuary  | Entered an ossuary
  4513 | Ossuary  | Reached XP level 6. HP: 27/28 MP: 11/11
  5010 | Ossuary  | Slain by a mummy

Illustrated notes

Levels and vault maps discovered:
D:1:      nicolae_arrival_washed_ashore, layout_basic, st_stairs_12,
          minmay_hedge_maze, minmay_statues_item
D:2:      layout_basic, nicolae_overflow_crystal_walls, ashenzari_altar_1
D:3:      layout_loops_ring, grunt_temple_overflow_opulence
D:4:      layout_basic, nicolae_ossuary_entry_ruins
Ossuary:  ossuary_due_small_catacomb

Skill      XL: |  1  2  3  4  5 |
---------------+----------------+-----
Poison Magic   | 4 5 6 |  6.8
Dodging        | |  3.4
Stealth        | |  3.0
Spellcasting   | |  2.6
Transmutations | |  1.3
Air Magic      | |  0.3
Evocations     | |  0.2

Action                   |  1- 3 |  4- 6 || total
-------------------------+-------+-------++-------
Melee: Unarmed           |    17 |       ||    17
       Dagger            |    37 |   160 ||   197
 Cast: Sting             |    28 |    22 ||    50
       Poisonous Vapours |    25 |    31 ||    56
Evoke: Wand              |       |    41 ||    41
  Use: Potion            |       |     5 ||     5
 Stab: Sleeping          |     1 |     2 ||     3
       Paralysed         |       |     1 ||     1
Armor: Robe              |    10 |     7 ||    17
Dodge: Dodged            |    59 |   109 ||   168
